 Dungeon Crawl Stone Soup version 0.26.0-5-gb5863c6483 (webtiles) character file.

Game seed: 7231780296928234133

455 DocSulfur the Chopper (level 7, 0/55 HPs)
             Began as a Human Monk on Jan 10, 2021.
             Was a Believer of Okawaru.
             Killed from afar by an electric eel (12 damage)
             ... with a bolt of electricity
             ... on level 4 of the Dungeon.
             The game lasted 00:17:33 (5048 turns).

DocSulfur the Chopper (Human Monk)                  Turns: 5048, Time: 00:17:34

Health: 0/55       AC: 12    Str: 19    XL:     7   Next: 26%
Magic:  7/7        EV:  6    Int: 10    God:    Okawaru [**....]
Gold:   234        SH:  0    Dex: 16    Spells: 6/6 levels left

rFire    . . .     SeeInvis .   k - +2 hand axe (venom)
rCold    . . .     Faith    .   (no shield)
rNeg     . . .     Spirit   .   a - +0 plate armour
rPois    .         Reflect  .   w - +0 helmet
rElec    .         Harm     .   (no cloak)
rCorr    .         Rampage  .   (no gloves)
Will     .....                  r - +0 pair of boots
Stlth    ..........             y - amulet of regeneration
HPRegen  0.58/turn              l - ring of stealth
MPRegen  0.10/turn              m - +6 ring of strength

@: no status effects
A: no striking features
a: Renounce Religion, Heroism


You were on level 4 of the Dungeon.
You worshipped Okawaru.
Okawaru was pleased with you.
You visited 1 branch of the dungeon, and saw 5 of its levels.

You collected 234 gold pieces.

Inventory:

Hand Weapons
 k - a +2 hand axe of venom (weapon)
Missiles
 i - 30 poisoned darts (quivered)
 o - 26 bolts
Armour
 a - a +0 plate armour (worn)
 r - a +0 pair of boots (worn)
 w - a +0 helmet (worn)
Jewellery
 l - a ring of stealth (left hand)
 m - a +6 ring of strength (right hand)
 t - an uncursed amulet of guardian spirit
 y - an amulet of regeneration (around neck)
Wands
 p - a wand of flame (21)
Scrolls
 d - 3 scrolls of remove curse
 f - 2 scrolls of magic mapping
 g - a scroll of teleportation
 h - a scroll of enchant weapon {unknown}
 j - a scroll of immolation {unknown}
Potions
 b - a potion of resistance {unknown}
 c - 2 potions of curing
 e - 2 potions of heal wounds
 n - a potion of magic {unknown}
 q - a potion of haste {unknown}
 s - 2 potions of attraction {unknown}
 u - a potion of berserk rage {unknown}
 v - a potion of degeneration {unknown}
 x - a potion of cancellation {unknown}
 z - a potion of mutation {unknown}


   Skills:
 + Level 4.6 Fighting
 * Level 5.9 Axes
 + Level 3.1 Throwing
 - Level 3.0 Dodging
 - Level 2.0 Stealth


You had 6 spell levels left.
You didn't know any spells.
Your spell library was empty.

Dungeon Overview and Level Annotations

Branches:
Dungeon (5/15)
 Temple: D:4-7

Altars:
Ashenzari
Nemelex Xobeh
Okawaru
Ru
Vehumet
Xom

Annotations:
D:4 1 transporter
D:5 Blork the orc


Message History

Aiming: Throw Flame
Press: ? - help, Shift-Dir - straight line, f - electric eel
Aim: an electric eel (52% to evade)
The puff of flame hits the electric eel!
The electric eel is heavily wounded.
The electric eel is engulfed in a cloud of scalding steam.
The electric eel shoots out a bolt of lightning at you!
The bolt of electricity hits you!
* * * LOW HITPOINT WARNING * * *
Evoke which item? (* to show all) (? for menu, Esc to quit)
Aiming: Throw Flame
Press: ? - help, Shift-Dir - straight line, f/p - electric eel
Aim: an electric eel (steam, severely wounded, 52% to evade)
The puff of flame misses the electric eel.
The puff of flame hits the plant!
The plant begins to die.
The plant is lightly damaged.
The plant is engulfed in a cloud of scalding steam.
The electric eel shoots out a bolt of lightning at you!
The bolt of electricity hits you!
You die...

# #.# #......# #......## #
#.###.#.#).# #.#.##.## #
#..........# #.#.##.## #
#####.#.#..###.#.##.## #
##############...[...........##
#
#.................#.......#####
# #.###############.........# #
###.#8P#≈≈≈≈≈≈;#P8#.........# #
....#..#≈PP≈≈..#@.#.........# #
#..©#©)+≈PP⌠§..'.©#©..####..# #
##..#..#≈≈P;§$.#..#..## #..#
##.#8P#≈≈≈≈≈≈≈#P8#.## #..#
#.###############.# #..#
###.................# #..#####
............#####.### #.......
#################.#### #...####
#..........# ##.#....#


You could see 2 electric eels.

Vanquished Creatures
  A big kobold (D:4)
  A bullfrog (D:4)
  An electric eel (D:4)
  2 orc priests (D:3)
  A centaur skeleton (D:4)
  An orc wizard (D:2)
  An iguana (D:4)
  A hound skeleton (D:4)
  3 adders
  An ufetubus (D:5)
  2 worms (D:2)
  2 leopard geckos
  10 orcs
  9 bats
  3 giant cockroaches
  11 goblins
  10 hobgoblins
  9 kobolds
  A ball python (D:1)
  2 frilled lizards
  A leopard gecko zombie (D:5)
  A quokka zombie (D:5)
  10 rats
84 creatures vanquished.

Notes
Turn   | Place    | Note
-------+----------+-------------------------------------------
     0 | D:1      | DocSulfur the Human Monk began the quest for the Orb.
     0 | D:1      | Reached XP level 1. HP: 18/18 MP: 1/1
   436 | D:1      | Reached XP level 2. HP: 24/24 MP: 2/2
   681 | D:1      | Reached XP level 3. HP: 29/29 MP: 3/3
  1587 | D:2      | Reached skill level 1 in Throwing
  1646 | D:2      | Reached skill level 4 in Axes
  1694 | D:2      | Reached XP level 4. HP: 35/35 MP: 4/4
  2157 | D:2      | Reached XP level 5. HP: 26/42 MP: 3/5
  2575 | D:3      | Found a sparkling altar of Nemelex Xobeh.
  2683 | D:3      | You fall into a shaft and drop 2 floors!
  2683 | D:5      | Entered Level 5 of the Dungeon
  2725 | D:5      | Noticed Blork the orc
  2827 | D:4      | Found a transporter.
  2838 | D:4      | Found a transporter.
  2887 | D:4      | Noticed a bullfrog
  2899 | D:4      | Killed a bullfrog
  2900 | D:4      | Reached skill level 5 in Axes
  2900 | D:4      | Reached XP level 6. HP: 27/48 MP: 3/6
  3169 | D:3      | Found a sacrificial altar of Ru.
  3176 | D:3      | Found a shimmering altar of Xom.
  3181 | D:3      | Found an iron altar of Okawaru.
  4292 | D:4      | Found a radiant altar of Vehumet.
  4433 | D:4      | Reached XP level 7. HP: 50/55 MP: 7/7
  4576 | D:4      | Found a broken altar of Ashenzari.
  4966 | D:3      | Became a worshipper of Warmaster Okawaru
  4966 | D:3      | Reached * piety under Okawaru
  4966 | D:3      | Reached ** piety under Okawaru
  5048 | D:4      | Killed from afar by an electric eel

Illustrated notes

Levels and vault maps discovered:
D:1:      erik_arrival_orb_chamber, layout_basic
D:2:      layout_loops_cross
D:3:      layout_loops_ring, lemuel_doored_altar, grunt_temple_overflow_diamond
D:4:      gammafunk_steamed_eel, layout_loops_ring, ashenzari_altar_1,
          overflow_temple_1_default, kennysheep_generic_room_11
D:5:      layout_basic, lemuel_crystal_altar, uniq_blork_the_orc, uniq_sigmund

Skill      XL: |  1  2  3  4  5  6  7 |
---------------+----------------------+-----
Throwing       | 1 2 3 |  3.1
Axes           | 4 5 |  5.9
Fighting       | 4 |  4.6
Dodging        | |  3.0
Stealth        | |  2.0

Action                   |  1- 3 |  4- 6 |  7- 9 || total
-------------------------+-------+-------+-------++-------
Melee: Hand axe          |   144 |   219 |     7 ||   370
Throw: Dart              |     1 |     4 |       ||     5
Evoke: Wand              |       |       |     3 ||     3
  Use: Scroll            |       |     7 |       ||     7
Armor: Robe              |     2 |       |       ||     2
       Chain mail        |   148 |   137 |       ||   285
       Plate armour      |       |     9 |     5 ||    14
Dodge: Dodged            |    72 |    71 |     1 ||   144
